 Dungeon Crawl Stone Soup version 0.29.1-2-gbd0b4ee654 (webtiles) character file.

Game seed: 8210718829425228413

2170 GorkyZ the Covered (level 9, 0/55 HPs)
             Began as a Gargoyle Fighter on Nov 26, 2022.
             Slain by a gnoll
             ... wielding a +0 spear
             ... led by a gnoll bouda
              (1 damage)
             ... on level 7 of the Dungeon.
             The game lasted 00:20:36 (7738 turns).

GorkyZ the Covered (Gargoyle Fighter)               Turns: 7738, Time: 00:20:39

Health: 0/55       AC: 15    Str: 24    XL:     9   Next: 32%
Magic:  9/9        EV: 10    Int:  9    God:
Gold:   498        SH:  5    Dex:  9    Spells: 8/8 levels left

rFire   . . .      SeeInvis .   i - +4 hand axe (vorpal)
rCold   . . .      Faith    .   c - +0 buckler
rNeg    + . .      Spirit   .   b - +0 scale mail
rPois   ∞          Reflect  .   m - +0 helmet
rElec   +          Harm     .   (no cloak)
rCorr   .          Rampage  .   (no gloves)
Will    .....                   (no boots)
Stlth   ..........              (no amulet)
HPRegen 0.18/turn               (no ring)
MPRegen 0.11/turn               (no ring)

@: no status effects
A: sickness immunity, AC +6, negative energy resistance 1, electricity
resistance, torment resistance 1, petrification resistance
a: no special abilities


You were on level 7 of the Dungeon.
You visited 1 branch of the dungeon, and saw 7 of its levels.

You collected 498 gold pieces.

Inventory:

Hand Weapons
 a - a +0 war axe
 i - a +4 vorpal hand axe (weapon)
Missiles
 l - 7 poisoned darts (quivered)
 z - a boomerang
Armour
 b - a +0 scale mail (worn)
 c - a +0 buckler (worn)
 m - a +0 helmet (worn)
Jewellery
 n - a ring of magical power
 o - a ring of wizardry
 s - a ring of resist corrosion
 u - an amulet of magic regeneration
 v - a ring of protection from fire
Wands
 j - a wand of acid (7)
 t - a wand of roots (8)
 D - a wand of flame (15)
Scrolls
 e - a scroll of blinking
 f - 4 scrolls of teleportation
 g - a scroll of magic mapping
 q - a scroll of fog
 w - 2 scrolls of poison
 y - 2 scrolls of identify
 B - a scroll of enchant armour {unknown}
Potions
 d - a potion of might
 h - 3 potions of mutation
 k - a potion of lignification
 p - 3 potions of attraction
 r - a potion of resistance {unknown}
 x - a potion of invisibility
 C - 3 potions of flight {unknown}


   Skills:
 + Level 5.9 Fighting
 + Level 4.5 Axes
 + Level 3.9 Throwing
 + Level 6.0 Armour
 + Level 3.5 Dodging
 + Level 5.9 Shields
 + Level 3.8 Evocations


You had 8 spell levels left.
You didn't know any spells.
Your spell library contained the following spells:

 Spells                   Type           Power      Damage    Failure   Level
 Magic Dart               Conj           0%         1d3       75%         1
 Necrotise                Necr           0%         1d4       75%         1
 Call Imp                 Summ           0%         N/A       87%         2
 Ensorcelled Hibernation  Hex/Ice        0%         N/A       87%         2
 Scorch                   Fire           0%         2d5       87%         2
 Conjure Flame            Conj/Fire      0%         6-21      98%         3
 Ignite Poison            Fire/Tmut/Pois 0%         N/A       98%         3
 Mephitic Cloud           Conj/Pois/Air  0%         N/A       98%         3
 Spider Form              Tmut/Pois      0%         N/A       98%         3
 Vampiric Draining        Necr           0%         2d6       98%         3
 Anguish                  Hex/Necr       0%         N/A       100%        4
 Flame Wave               Conj/Fire      0%         2d4       100%        4
 Sticky Flame             Conj/Fire      0%         2d3       100%        4
 Agony                    Necr           0%         N/A       100%        5
 Summon Cactus Giant      Summ           0%         N/A       100%        6


Dungeon Overview and Level Annotations

Branches:
Dungeon (7/15)             Temple (0/1) D:6

Altars:
Elyvilon
Makhleb
Ru
Vehumet
The Shining One


Innate Abilities, Weirdness & Mutations

You are immune to sickness and miasma.
Your stone body is resilient. (AC +6)
You are immune to poison.
You resist negative energy. (rN+)
You are resistant to electric shocks. (rElec)
You are resistant to unholy torment.
You are immune to petrification.


Message History

The gnoll barely misses you.
The gnoll hits you but does no damage. x3
The gnoll barely misses you. The gnoll hits you but does no damage.
The gnoll hits you from afar with a +0 spear.
You block the gnoll's attack. The gnoll closely misses you.
The gnoll hits you but does no damage. The gnoll closely misses you.
The gnoll hits you but does no damage.
The gnoll hits you from afar with a +0 spear.
The gnoll barely misses you. The gnoll completely misses you.
The gnoll hits you from afar with a +0 spear.
* * * LOW HITPOINT WARNING * * *
You block the gnoll's attack. The gnoll barely misses you.
You block the gnoll's attack. The gnoll closely misses you.
You block the gnoll's attack.
The gnoll hits you from afar with a +0 spear.
* * * LOW HITPOINT WARNING * * *
The gnoll hits you but does no damage. The gnoll closely misses you. x2
The gnoll hits you with a +0 spear.
* * * LOW HITPOINT WARNING * * *
The gnoll hits you with a +0 spear.
* * * LOW HITPOINT WARNING * * *
The gnoll hits you but does no damage.
You see here a +0 whip.
You closely miss the gnoll. You hit the gnoll but do no damage.
You hit the gnoll. You block the gnoll's attack. x2
The gnoll closely misses you. The gnoll misses you.
You hit the gnoll.
The gnoll is lightly wounded.
You slash the gnoll! You barely miss the gnoll. The gnoll barely misses you.
The gnoll hits you with a +0 spear.
* * * LOW HITPOINT WARNING * * *
The gnoll hits you but does no damage. x2
You hit the gnoll.
The gnoll is moderately wounded.
You closely miss the gnoll. You hit the gnoll.
You kill the gnoll!
The gnoll hits you with a +0 spear.
* * * LOW HITPOINT WARNING * * *
The gnoll hits you with a +0 spear.
You die...

.......................#
..#######..)...........#
. #..........#.........#
#..........#.......
#..........# .. .
#..........# #+#
..#.........## #.# #
............# #.#.#
............####@#.#####
...............{gg......
###...........)...######
###+####..?.....'....
#.....°°°#####
#........# #°....°..#
#........# #...........


You could see 2 gnolls.

Vanquished Creatures
  Pikel (D:6)
  Sigmund (D:6)
  An orc warrior (D:6)
  A sky beast (D:6)
  A black bear (D:5)
  An ogre (D:5)
  A centaur (D:6)
  2 phantoms
  4 howler monkeys
  2 hounds
  2 quasits (D:5)
  A gnoll bouda (D:7)
  An orc priest (D:5)
  2 iguanas
  5 orc wizards
  Robin (D:3)
  16 gnolls
  10 adders
  A shadow imp (D:4)
  3 white imps (D:5)
  3 ufetubi (D:5)
  4 worms
  5 dart slugs
  27 orcs
  2 endoplasms (D:4)
  5 giant cockroaches
  42 goblins
  30 hobgoblins
  A jackal (D:3)
  5 quokkas
  6 ball pythons
  5 bats
  A frilled lizard (D:2)
  8 kobolds
  4 rats
205 creatures vanquished.

Vanquished Creatures (others)
  5 demonic plants (D:5)
  8 plants (D:3)
13 creatures vanquished.

Grand Total: 218 creatures vanquished

Notes
Turn   | Place    | Note
-------+----------+-------------------------------------------
     0 | D:1      | GorkyZ the Gargoyle Fighter began the quest for the Orb.
     0 | D:1      | Reached XP level 1. HP: 14/14 MP: 1/1
   100 | D:1      | Reached XP level 2. HP: 19/19 MP: 2/2
   713 | D:2      | Reached XP level 3. HP: 18/23 MP: 3/3
   916 | D:2      | Identified the +0 leather armour of Ylugrergh {rF+}
  1145 | D:2      | Reached skill level 1 in Evocations
  1179 | D:2      | Reached XP level 4. HP: 23/28 MP: 4/4
  1654 | D:3      | Reached skill level 1 in Throwing
  1720 | D:3      | Reached skill level 1 in Dodging
  1729 | D:3      | Reached XP level 5. HP: 17/33 MP: 5/5
  2032 | D:3      | Noticed Robin
  2045 | D:3      | Reached skill level 4 in Armour
  2054 | D:3      | Killed Robin
  2282 | D:3      | Reached XP level 6. HP: 17/38 MP: 6/6
  3015 | D:3      | Found a white marble altar of Elyvilon.
  3062 | D:3      | Found a faded altar of an unknown god.
  3078 | D:3      | You fall into a shaft and drop 3 floors!
  3124 | D:5      | Entered Level 5 of the Dungeon
  4068 | D:4      | Reached XP level 7. HP: 37/43 MP: 7/7
  4208 | D:4      | Found a glowing golden altar of the Shining One.
  4894 | D:5      | Found a sacrificial altar of Ru.
  5579 | D:5      | Reached XP level 8. HP: 35/48 MP: 8/8
  5723 | D:5      | Reached skill level 5 in Armour
  6352 | D:6      | Reached skill level 5 in Shields
  6364 | D:6      | Reached skill level 5 in Fighting
  6374 | D:6      | Found a staircase to the Ecumenical Temple.
  6544 | D:6      | Found a radiant altar of Vehumet.
  6747 | D:6      | Noticed Sigmund
  6794 | D:6      | Killed Sigmund
  7305 | D:6      | Found a burning altar of Makhleb.
  7305 | D:6      | Noticed a green death
  7321 | D:6      | Noticed Pikel
  7332 | D:6      | Killed Pikel
  7333 | D:6      | Reached XP level 9. HP: 34/55 MP: 9/9
  7604 | D:7      | Noticed a +0 spear
  7604 | D:7      | Noticed a +0 dagger
  7605 | D:7      | Noticed a +0 spear
  7605 | D:7      | Noticed a +0 short sword
  7606 | D:7      | Noticed a +0 short sword
  7607 | D:7      | Noticed a +0 falchion
  7607 | D:7      | Noticed a +0 dagger
  7608 | D:7      | Noticed a +0 falchion
  7703 | D:7      | Reached skill level 6 in Armour
  7738 | D:7      | HP: 1/55 [gnoll/+0 spear[a gnoll bouda] (2)]
  7738 | D:7      | Slain by a gnoll

Illustrated notes

Levels and vault maps discovered:
D:1:      dpeg_arrival_rooms_a, layout_basic
D:2:      layout_loops_ring, glass_columns_a, minmay_vboxes
D:3:      minmay_goblin_kobold_castle, layout_rooms,
          nicolae_elyvilon_temple_path, hellmonk_ecumenical_altar_blasted,
          kennysheep_potato, uniq_robin
D:4:      layout_loops_ring, amcnicky_altar_gilded
D:5:      layout_cave_pods, nicolae_ru_great_annihilating_truth, serial_demonic,
          serial_demonic_d, serial_demonic_e, serial_demonic_c,
          serial_demonic_f, minmay_misc_feat_tower
D:6:      layout_loops_ring, makhleb_altar_promises_db, vehumet_crystals,
          minmay_temple_entry_antechambers, hangedman_glass_teeth, uniq_pikel,
          uniq_sigmund
D:7:      layout_basic, zin_purify, nicolae_uskayaw_en_pointe,
          mainiacjoe_overflow_large_starburst, uniq_prince_ribbit1

Skill      XL: |  1  2  3  4  5  6  7  8  9 |
---------------+----------------------------+-----
Axes           | 2 3 4 |  4.5
Evocations     | 1 2 3 |  3.8
Throwing       | 1 2 3 |  3.9
Dodging        | 1 2 3 |  3.5
Armour         | 4 5 6 |  6.0
Shields        | 4 5 |  5.9
Fighting       | 4 5 |  5.9

Action                   |  1- 3 |  4- 6 |  7- 9 || total
-------------------------+-------+-------+-------++-------
Melee: War axe           |     9 |       |       ||     9
       Hand axe          |    87 |   221 |   234 ||   542
Throw: Dart              |       |       |    12 ||    12
  Use: Scroll            |     7 |       |    10 ||    17
       Potion            |       |     3 |     4 ||     7
 Stab: Invisible         |       |     4 |       ||     4
       Paralysed         |       |       |     1 ||     1
Armor: Scale mail        |    60 |   151 |   215 ||   426
       Skin              |       |    34 |       ||    34
Dodge: Dodged            |    41 |   144 |   174 ||   359
Block: Buckler           |    21 |    67 |    85 ||   173
